 Dungeon Crawl Stone Soup version 0.30-a0-777-ga9a30cbeda (webtiles) character file.

Game seed: 3976053813597897302

39305 Smoke131 the Deadly Accurate (level 14, -3/127 HPs)
             Began as an Ogre Gladiator on Feb 14, 2023.
             Was the Champion of Okawaru.
             Slain by a skyshark (19 damage)
             ... on level 5 of the Lair of Beasts.
             The game lasted 01:12:07 (13073 turns).

Smoke131 the Deadly Accurate (Ogre Gladiator)      Turns: 13073, Time: 01:12:08

Health: -3/127     AC: 15    Str: 27    XL:     14   Next: 6%
Magic:  20/20      EV: 10    Int:  6    God:    Okawaru [******]
Gold:   636        SH: 26    Dex: 20    Spells: 13/13 levels left

rFire   . . .      SeeInvis .    H - +1 eveningstar (protect)
rCold   . . .      Faith    .    A - +3 tower shield
rNeg    . . .      Spirit   .    l - +2 robe "Jaupsepu" {rPois Regen+ Int-3 Slay+5}
rPois   +          Reflect  +    c - +0 hat
rElec   .          Harm     .    i - +0 cloak
rCorr   .          Rampage  .    (gloves unavailable)
Will    ++...                    (boots unavailable)
Stlth   ++                       G - amulet of reflection
HPRegen 1.21/turn                t - +6 ring of strength
MPRegen 0.17/turn                b - +6 ring of dexterity

@: lethally poisoned (-3 -> -3), about to teleport, under a protective aura
A: large, unfitting armour, tough skin 1, horns 1, iridescent scales 1,
strong-willed 1
a: Renounce Religion, Heroism, Finesse, Duel


You were on level 5 of the Lair of Beasts.
You worshipped Okawaru.
Okawaru was exalted by your worship.
You visited 3 branches of the dungeon, and saw 14 of its levels.
You also visited: Ossuary.

You collected 636 gold pieces.

Inventory:

Hand Weapons
 D - a +1 morningstar of holy wrath
 H - a +1 eveningstar of protection (weapon)
 K - the +6 demon blade of Fate {venom, rCorr MP+9 Str+2 Stlth-}
   (Okawaru gifted it to you on level 3 of the Lair of Beasts)

   Str:       It affects your strength (+2).
   MP:        It affects your magic capacity (+9).
   rCorr:     It protects you from acid and corrosion.
   Stlth:     It makes you less stealthy.
Missiles
 d - 3 throwing nets (quivered)
 r - 35 poisoned darts
Armour
 c - a +0 hat (worn)
 h - a scarf of shadows
 i - a +0 cloak (worn)
 l - the +2 robe "Jaupsepu" (worn) {rPois Regen+ Int-3 Slay+5}
   (You found it on level 2 of the Dungeon)

   Int:       It affects your intelligence (-3).
   Slay:      It affects your accuracy & damage with ranged weapons and melee
   (+5).
   rPois:     It protects you from poison.
   Regen:     It increases your rate of health regeneration.
 A - a +3 tower shield (worn)
 B - +0 acid dragon scales
Jewellery
 b - a +6 ring of dexterity (right hand)
 e - a +6 ring of strength
 m - a +5 ring of evasion
 q - a +4 ring of protection
 s - a +6 ring of intelligence
 t - a +6 ring of strength (left hand)
 v - a ring of protection from fire
 F - a ring of positive energy
 G - an amulet of reflection (around neck)
 L - an amulet of magic regeneration
Wands
 a - a wand of mindburst (7)
 o - a wand of acid (4)
 w - a wand of roots (4)
 x - a wand of digging (6)
 I - a wand of flame (8)
Scrolls
 g - 21 scrolls of identify
 n - 4 scrolls of teleportation
 p - 2 scrolls of immolation
 z - 2 scrolls of silence
 E - a scroll of enchant weapon {unknown}
 J - a scroll of amnesia
 O - a scroll of fog {unknown}
Potions
 f - a potion of invisibility {unknown}
 j - a potion of brilliance
 k - 7 potions of curing
 u - 2 potions of haste
 C - a potion of flight
 N - a potion of lignification {unknown}
Miscellaneous
 y - a phial of floods


   Skills:
 - Level 5.0 Fighting
 - Level 3.0 Maces & Flails
 - Level 18.5 Throwing
 - Level 5.0 Dodging
 - Level 1.0 Stealth
 - Level 11.4 Shields
 + Level 8.5 Invocations


You had 13 spell levels left.
You didn't know any spells.
Your spell library contained the following spells:

 Spells                   Type           Power      Damage    Failure   Level
 Scorch                   Fire           0%         2d5       95%         2
 Sublimation of Blood     Necr           0%         N/A       95%         2
 Portal Projectile        Hex/Tloc       0%         N/A       99%         3
 Flame Wave               Conj/Fire      0%         2d4       100%        4
 Leda's Liquefaction      Hex/Erth       0%         N/A       100%        4
 Petrify                  Tmut/Erth      0%         N/A       100%        4
 Irradiate                Conj/Tmut      0%         3d11      100%        5
 Iskenderun's Battlesphe  Conj           0%         2d6       100%        5
 Iron Shot                Conj/Erth      0%         9d1       100%        6
 Call Canine Familiar     Summ           Unusable   N/A       N/A         3
 Summon Cactus Giant      Summ           Unusable   N/A       N/A         6
 Spellforged Servitor     Conj/Summ      Unusable   N/A       N/A         7

Dungeon Overview and Level Annotations

Branches:
Dungeon (8/15)             Temple (1/1) D:6            Lair (5/5) D:8
 Shoals (0/4) Lair:3       Spider (0/4) Lair:2        Slime (0/5) Lair:5
Ossuary (visited)

Altars:
Ashenzari
Cheibriados
Dithmenos
Elyvilon
Fedhas
Gozag
Hepliaklqana
Kikubaaqudgha
Makhleb
Nemelex Xobeh
Okawaru
Qazlal
Ru
Sif Muna
Trog
Uskayaw
Vehumet
Wu Jian
Xom
Yredelemnul
Zin
The Shining One
Jiyva

Shops:
D:2 !

Annotations:
D:3 jimonade's ghost, amateur FoFi


Innate Abilities, Weirdness & Mutations

You are too large for most types of armour.
You have tough skin. (AC +1)
You have a pair of small horns on your head.
You are partially covered in iridescent scales. (AC +2)
You are strong-willed. (Will+)


Message History

You closely miss the skyshark.
You feel very sick. The skyshark closely misses you.
You block the skyshark's attack. The skyshark bites you!
The skyshark tastes blood and grows stronger!
You block the skyshark's attack.
You impale the skyshark!!
Your weapon exudes an aura of protection.
You headbutt the skyshark.
The skyshark is heavily wounded.
You feel very sick. The skyshark bites you.
The skyshark enters a blood-rage!
You block the skyshark's attack.
The skyshark bites you but does no damage.
You block the skyshark's attack. The skyshark bites you.
You block the skyshark's attack.
You thump the skyshark!
The skyshark is heavily wounded.
You feel very sick. The skyshark bites you. You block the skyshark's attack.
The skyshark bites you! You block the skyshark's attack.
The skyshark bites you!! The skyshark tail-slaps you.
You puncture the skyshark!
You headbutt the skyshark, but do no damage.
The skyshark is severely wounded.
You feel sick.
The skyshark bites you but does no damage.
You block the skyshark's attack. x4; The skyshark tail-slaps you!
You block the skyshark's attack.
The skyshark tail-slaps you but does no damage.
As you read the scroll of teleportation, it crumbles to dust.
You feel strangely unstable.
You feel sick. You block the skyshark's attack. The skyshark tail-slaps you!
* * * LOW HITPOINT WARNING * * *
You block the skyshark's attack. x2
You feel sick. The skyshark bites you!!
* * * LOW HITPOINT WARNING * * *
You block the skyshark's attack.
You feel sick.
You block the skyshark's attack. x2; The skyshark bites you!!
You die...

### ###@## .#.####.##l# .
........S.## ..
.........## .8.
.......l.### .....
..........#.#### #.....
............#..####P..8..
......................l8.
...............F.........


You could see a skyshark (berserk).

Vanquished Creatures
  2 hydras
  13 death yaks
  Amaemon (Lair:1)
  3 black mambas
  13 elephants
  Joseph (D:7)
  7 cane toads
  An orange demon (Lair:1)
  5 komodo dragons
  2 polar bears (Lair:3)
  A hornet (D:8)
  11 blink frogs
  A wraith (D:5)
  4 wyverns
  64 yaks
  2 basilisks
  An acid dragon (D:8)
  16 water moccasins
  3 orc warriors
  2 sky beasts (D:7)
  8 black bears
  A centaur (D:8)
  17 wolves
  2 ogres
  2 phantoms
  2 kobold brigands
  10 bullfrogs
  A necrophage (D:3)
  A gnoll sergeant (D:8)
  13 scorpions
  An electric eel (Lair:1)
  A howler monkey (D:8)
  3 centaur zombies (Ossuary)
  2 human zombies (Ossuary)
  4 hounds
  7 jellies
  2 orc priests (D:8)
  5 iguanas
  6 orc wizards
  7 scorpion zombies (Ossuary)
  9 hell rats
  3 mummies (Ossuary)
  Robin (D:2)
  8 gnolls
  9 adders
  A river rat (D:3)
  2 white imps (D:7)
  2 ufetubi
  4 worms
  35 orcs
  12 endoplasms
  8 giant cockroaches
  3 gnoll zombies (Ossuary)
  17 goblins
  9 hobgoblins
  5 jackals
  8 quokkas
  16 ball pythons
  A bat (D:1)
  A frilled lizard (D:1)
  2 goblin zombies (Ossuary)
  A hobgoblin zombie (Ossuary)
  9 kobolds
  2 kobold zombies (Ossuary)
  An orc zombie (Ossuary)
  5 rats
422 creatures vanquished.

Vanquished Creatures (others)
  A kobold (D:8)
  A bush (D:8)
  28 fungi
  57 plants
87 creatures vanquished.

Grand Total: 509 creatures vanquished

Notes
Turn   | Place    | Note
-------+----------+-------------------------------------------
     0 | D:1      | Smoke131 the Ogre Gladiator began the quest for the Orb.
     0 | D:1      | Reached XP level 1. HP: 22/22 MP: 1/1
   104 | D:1      | Reached XP level 2. HP: 29/29 MP: 2/2
   609 | D:2      | Identified the +2 robe "Jaupsepu" {rPois Regen+ Int-3
                  | Slay+5}
   619 | D:2      | Reached XP level 3. HP: 35/37 MP: 3/3
   696 | D:2      | Noticed Robin
   727 | D:2      | Killed Robin
   728 | D:2      | Reached skill level 3 in Throwing
   755 | D:2      | Found Puonunuj's Distillery.
   771 | D:2      | Reached skill level 1 in Stealth
   771 | D:2      | Reached XP level 4. HP: 45/45 MP: 4/4
   815 | D:2      | Found a blossoming altar of Fedhas.
   880 | D:2      | Found a faded altar of an unknown god.
  1317 | D:3      | Noticed a necrophage
  1332 | D:3      | Reached skill level 4 in Throwing
  1366 | D:3      | Killed a necrophage
  1367 | D:3      | Reached XP level 5. HP: 41/50 MP: 5/5
  1376 | D:3      | Found a runed translucent door.
  1381 | D:3      | Noticed jimonade's ghost (amateur FoFi)
  1564 | D:3      | Found a runed translucent door.
  1625 | D:2      | Reached skill level 5 in Throwing
  2375 | D:4      | Reached XP level 6. HP: 59/60 MP: 6/6
  2450 | D:4      | Noticed a black bear
  2472 | D:4      | Killed a black bear
  2473 | D:4      | Reached skill level 6 in Throwing
  2557 | D:4      | Found a shadowy altar of Dithmenos.
  2559 | D:4      | Found an opulent altar of Gozag.
  2629 | D:4      | Noticed a black bear
  2637 | D:4      | Killed a black bear
  2638 | D:4      | Reached XP level 7. HP: 67/67 MP: 7/7
  2746 | D:4      | Reached skill level 7 in Throwing
  2920 | D:5      | Entered Level 5 of the Dungeon
  3449 | D:5      | Reached skill level 8 in Throwing
  3449 | D:5      | Noticed a wraith
  3472 | D:4      | Found a basalt altar of Yredelemnul.
  3472 | D:4      | Found a radiant altar of Vehumet.
  3510 | D:5      | Reached XP level 8. HP: 66/75 MP: 8/8
  3520 | D:5      | Reached skill level 9 in Throwing
  3582 | D:5      | Killed a wraith
  3740 | D:5      | Reached skill level 10 in Throwing
  4308 | D:6      | Reached XP level 9. HP: 84/84 MP: 9/9
  4364 | D:6      | Reached skill level 5 in Fighting
  4386 | D:6      | Found a staircase to the Ecumenical Temple.
  4395 | Temple   | Entered the Ecumenical Temple
  4627 | Temple   | Became a worshipper of Warmaster Okawaru
  4832 | D:6      | Reached skill level 11 in Throwing
  4832 | D:6      | Reached skill level 1 in Shields
  5587 | D:6      | Gained mutation: You have a pair of small horns on your
                  | head. [potion of mutation]
  5587 | D:6      | Gained mutation: You are strong-willed. (Will+) [potion of
                  | mutation]
  5587 | D:6      | Gained mutation: You are partially covered in iridescent
                  | scales. (AC +2) [potion of mutation]
  6136 | D:7      | Found a sand-covered staircase.
  6147 | Ossuary  | Entered an ossuary
  6239 | Ossuary  | Reached * piety under Okawaru
  6247 | Ossuary  | Reached skill level 5 in Dodging
  6371 | Ossuary  | Reached XP level 10. HP: 96/96 MP: 10/10
  6530 | D:7      | Found a shimmering blue altar of Sif Muna.
  6543 | D:7      | Reached skill level 12 in Throwing
  6629 | D:7      | Reached ** piety under Okawaru
  6634 | D:7      | Found a snail-covered altar of Cheibriados.
  6724 | D:7      | Noticed Joseph
  6727 | D:7      | Killed Joseph
  6954 | D:8      | Reached skill level 5 in Shields
  7127 | D:8      | Reached skill level 13 in Throwing
  7184 | D:8      | Found a staircase to the Lair.
  7200 | D:8      | Found a sparkling altar of Nemelex Xobeh.
  7216 | D:8      | Reached *** piety under Okawaru
  7617 | Lair:1   | Entered Level 1 of the Lair of Beasts
  7723 | Lair:1   | Reached XP level 11. HP: 95/102 MP: 11/11
  7829 | Lair:1   | Reached **** piety under Okawaru
  7849 | Lair:1   | Reached skill level 14 in Throwing
  7999 | Lair:1   | Identified the +0 leather armour "Jyekh" {+Inv}
  8044 | Lair:1   | Reached ***** piety under Okawaru
  8245 | Lair:1   | Noticed Amaemon
  8258 | Lair:1   | Killed Amaemon
  8259 | Lair:1   | Reached skill level 15 in Throwing
  8415 | Lair:1   | Received a gift from Okawaru
  8856 | Lair:1   | Reached XP level 12. HP: 106/111 MP: 12/12
  8990 | Lair:2   | Reached skill level 16 in Throwing
  9038 | Lair:2   | Found a hole to the Spider Nest.
  9937 | Lair:2   | Received a gift from Okawaru
 10031 | Lair:3   | Noticed a death yak
 10032 | Lair:3   | Noticed a death yak
 10032 | Lair:3   | Noticed a death yak
 10039 | Lair:3   | Noticed a death yak
 10044 | Lair:3   | Killed a death yak
 10075 | Lair:2   | Killed a death yak
 10076 | Lair:2   | Reached skill level 17 in Throwing
 10076 | Lair:2   | Reached skill level 10 in Shields
 10160 | Lair:3   | Found a staircase to the Shoals.
 10235 | Lair:2   | Killed a death yak
 10267 | Lair:3   | Killed a death yak
 10296 | Lair:3   | Received a gift from Okawaru
 10600 | Lair:3   | Reached XP level 13. HP: 84/118 MP: 13/13
 10781 | Lair:3   | Identified the +0 dagger "Dinuuwn" {freeze, Str+3}
 11294 | Lair:3   | Identified the +6 demon blade of Fate {venom, rCorr MP+9
                  | Str+2 Stlth-} (Okawaru gifted it to you on level 3 of the
                  | Lair of Beasts)
 11294 | Lair:3   | Received a gift from Okawaru
 11634 | Lair:4   | Reached skill level 18 in Throwing
 11920 | Lair:3   | Reached skill level 1 in Invocations
 11999 | Lair:3   | Received a gift from Okawaru
 12069 | Lair:4   | Identified the +2 robe of Modern the Leaf {rF+ Int-3
                  | Stlth+} (Okawaru gifted it to you on level 4 of the Lair of
                  | Beasts)
 12069 | Lair:4   | Received a gift from Okawaru
 12179 | Lair:4   | Reached ****** piety under Okawaru
 12399 | Lair:4   | Reached skill level 5 in Invocations
 12875 | Lair:5   | Entered Level 5 of the Lair of Beasts
 12887 | Lair:5   | Reached XP level 14. HP: 116/127 MP: 19/19
 12892 | Lair:5   | Found a staircase to the Slime Pits.
 12893 | Lair:5   | Found a viscous altar of Jiyva.
 13073 | Lair:5   | Slain by a skyshark

Illustrated notes

Levels and vault maps discovered:
D:1:      doesnt_arrival_eight_statues, layout_rooms
D:2:      layout_rooms, basic_altar, serial_shops, shop,
          hellmonk_ecumenical_altar_crossroads, uniq_robin
D:3:      layout_basic, ebering_ghost_sewer_f, patterned_corridor
D:4:      layout_basic, nicolae_overflow_hidden_temple
D:5:      cheibrodos_iron_armory, layout_loops_ring, kennysheep_generic_room_7
D:6:      layout_rooms, minmay_temple_entry_tees
D:7:      layout_basic, mainiacjoe_overflow_small_starburst,
          nicolae_sif_muna_condensation, nicolae_ossuary_entry_ruins,
          roderic_serpentine_path, hangedman_decor_clover_reticule, uniq_joseph
D:8:      layout_loops_ring, lemuel_round_altar, dpeg_oklobed_lair,
          introduction_to_nature_2
Temple:   bh_familiar_temple
Lair:1:   layout_roguey, chequers_serial_rivers_micro_e, grunt_megastairs_1,
          serial_bayou_shore_a, lemuel_fruit_fields, uniq_amaemon
Lair:2:   layout_roguey, dummy_spider_entry
Lair:3:   layout_layer_cave, shoals_dummy_entry
Lair:4:   layout_loops_ring, serial_rivers, chequers_serial_rivers_micro_e,
          chequers_serial_rivers_micro_c, chequers_serial_rivers_marsh,
          chequers_serial_rivers_large_a
Lair:5:   evilmike_catoblepas_cave, layout_small_grid,
          nicolae_slime_entry_slimehenge, kennysheep_basilisk_garden,
          infiniplex_staircase_pool_2

Skill      XL: |  1  2  3  4  5  6  7  8  9 10 11 12 13 14 |
---------------+-------------------------------------------+-----
Maces & Flails | 3 |  3.0
Fighting       | 3 4 5 |  5.0
Dodging        | 3 5 |  5.0
Throwing       | 3 4 5 6 8 10 11 13 15 17 18 | 18.5
Stealth        | 1 |  1.0
Shields        | 4 6 8 10 11 | 11.4
Invocations    | 7 8 |  8.5

Action                     |  1- 3 |  4- 6 |  7- 9 | 10-12 | 13-15 || total
---------------------------+-------+-------+-------+-------+-------++-------
  Melee: Flail             |   110 |   111 |   181 |       |       ||   402
         Punch             |       |     1 |     2 |       |       ||     3
         Morningstar       |       |       |    96 |    90 |       ||   186
         Headbutt          |       |       |    18 |   226 |   129 ||   373
         Mace              |       |       |       |   634 |       ||   634
         Eveningstar       |       |       |       |    49 |   406 ||   455
  Throw: Stone             |       |     7 |    46 |    14 |     5 ||    72
         Throwing net      |       |     1 |       |       |       ||     1
         Dart              |       |       |     3 |       |       ||     3
         Boomerang         |       |       |       |    19 |       ||    19
         Large rock        |       |       |       |     6 |     8 ||    14
         Javelin           |       |       |       |       |     3 ||     3
 Invoke: Heroism           |       |       |       |     1 |       ||     1
  Evoke: Wand              |       |       |       |       |     2 ||     2
    Use: Potion            |       |     3 |     6 |     6 |       ||    15
         Scroll            |       |     3 |     3 |     5 |     3 ||    14
   Stab: Sleeping          |       |     5 |       |     5 |     1 ||    11
         Distracted        |       |       |       |     1 |       ||     1
 Armour: Robe              |    46 |    52 |   160 |   188 |   100 ||   546
  Dodge: Dodged            |    70 |    68 |   174 |   217 |    96 ||   625
  Block: Tower shield      |       |       |   121 |  1078 |   619 ||  1818
         Reflection        |       |       |       |    10 |       ||    10

Table legend: (Time is in decaauts)
 A = Elapsed time spent in this place.
 B = Non-inter-level travel time spent in this place.
 C = Inter-level travel time spent in this place.
 D = Time resting spent in this place.
 E = Time spent auto-exploring this place.
 F = Levels seen in this place.
 G = Mean time per level.
                   A        B        C        D        E       F      G
               +--------+--------+--------+--------+--------+-----+--------+
         Total |  13877 |  13377 |    500 |   1287 |   6293 |  15 |  925.1 |
       Dungeon |   7260 |   6961 |    299 |    981 |   3513 |   8 |  907.5 |
        Temple |    247 |    247 |      0 |      0 |    104 |   1 |  247.0 |
          Lair |   5964 |   5763 |    201 |    289 |   2673 |   5 | 1192.8 |
       Ossuary |    404 |    404 |      0 |     17 |      3 |   1 |  404.0 |
               +--------+--------+--------+--------+--------+-----+--------+

Top non-repeatable levels by time:
  Lair:3: 1796 daAuts
  Lair:2: 1361 daAuts
     D:5: 1326 daAuts
  Lair:4: 1299 daAuts
  Lair:1: 1276 daAuts
     D:6: 1245 daAuts
     D:3: 942 daAuts
     D:8: 841 daAuts
     D:4: 809 daAuts
     D:7: 791 daAuts
     D:2: 666 daAuts
     D:1: 637 daAuts
 Ossuary: 404 daAuts
  Temple: 247 daAuts
  Lair:5: 231 daAuts
